 Dungeon Crawl Stone Soup version 0.27-a0-1071-ga85bd9520d (console) character file.

Game seed: 16387199913401119418

3945 nht the Slicer (level 10, 41/60 (63) HPs)
             Began as a Demonspawn Earth Elementalist on Apr 24, 2021.
             Was an Initiate of Gozag.
             Quit the game in a bailey.
             The game lasted 00:16:36 (11742 turns).

nht the Slicer (Demonspawn Earth Elementalist)     Turns: 11742, Time: 00:16:36

HP:   41/60 (63)    AC:  5    Str: 15    XL:     10   Next: 1%
MP:   18/22         EV: 11    Int: 19    God:    Gozag
Gold: 893           SH:  3    Dex: 14    Spells: 12/13 levels left

rFire    . . .     SeeInvis .   a - +3 short sword (venom)
rCold    . . .     Faith    .   t - +0 buckler
rNeg     . . .     Spirit   +   u - +0 steam dragon scales
rPois    .         Reflect  .   (helmet restricted)
rElec    .         Harm     .   (no cloak)
rCorr    .         Rampage  .   (no gloves)
Will     .....                  (no boots)
Stlth    ++........             b - amulet of guardian spirit
HPRegen  0.20/turn              f - ring of magical power
MPRegen  0.18/turn              d - +6 ring of strength

@: studying Short Blades, lightly drained
A: antennae 2, demonic guardian 2, powered by pain 1
a: Renounce Religion, Potion Petition, Call Merchant, Bribe Branch


You were in a bailey.
You worshipped Gozag.
Gozag was pleased with you.
You visited 2 branches of the dungeon, and saw 10 of its levels.
You also visited: Ossuary and Bailey.

You collected 1040 gold pieces.
You spent 12 gold pieces at shops.
You paid 135 gold pieces to Gozag.

Inventory:

Hand Weapons
 a - a +3 short sword of venom (weapon)
 y - a +5 dagger
Missiles
 m - 2 curare-tipped darts
 B - 3 throwing nets
Armour
 i - a +0 helmet
 t - a +0 buckler (worn)
 u - +0 steam dragon scales (worn)
Jewellery
 b - an amulet of guardian spirit (around neck)
 d - a +6 ring of strength (right hand)
 f - a ring of magical power (left hand)
 h - a ring of see invisible
 v - a ring of poison resistance
Scrolls
 c - 5 scrolls of teleportation
 e - a scroll of enchant armour
 g - 3 scrolls of immolation
 k - a scroll of fog
 o - a scroll of enchant weapon
 r - a scroll of blinking
 s - a scroll of silence
 A - a scroll of identify
Potions
 j - a potion of lignification
 l - 2 potions of attraction
 n - 2 potions of curing
 p - 2 potions of mutation
 q - 2 potions of ambrosia
 w - 2 potions of brilliance
 z - 3 potions of heal wounds


   Skills:
 + Level 14.5 Short Blades
 - Level 1.7 Dodging
 - Level 1.7 Stealth
 - Level 2.0 Spellcasting
 - Level 0.8 Transmutations
 - Level 3.0 Earth Magic


You had 12 spell levels left.
You knew the following spells:

 Your Spells              Type           Power      Damage    Failure   Level
a - Sandblast             Erth           26%        2d8       9%          1

Your spell library contained the following spells:

 Spells                   Type           Power      Damage    Failure   Level
 Passwall                 Tmut/Erth      7%         N/A       19%         2
 Animate Skeleton         Necr           2%         N/A       28%         1
 Apportation              Tloc           2%         N/A       28%         1
 Corona                   Hex            1%         N/A       28%         1
 Magic Dart               Conj           4%         1d3       28%         1
 Summon Small Mammal      Summ           4%         N/A       28%         1
 Blink                    Tloc           N/A        N/A       38%         2
 Call Imp                 Summ           1%         N/A       38%         2
 Slow                     Hex            1%         N/A       38%         2
 Stone Arrow              Conj/Erth      14%        3d7       41%         3
 Conjure Flame            Conj/Fire      1%         6-21      63%         3
 Mephitic Cloud           Conj/Pois/Air  1%         N/A       63%         3
 Petrify                  Tmut/Erth      9%         N/A       77%         4
 Lee's Rapid Deconstruct  Erth           6%         3d7*      92%         5


Dungeon Overview and Level Annotations

Branches:
Dungeon (9/15)             Temple (1/1) D:6         Ossuary (visited)
 Bailey (1/1)
   Lair: D:8-11         Orc: D:9-12

Altars:
Ashenzari
Cheibriados
Dithmenos
Elyvilon
Fedhas
Gozag
Hepliaklqana
Kikubaaqudgha
Makhleb
Nemelex Xobeh
Okawaru
Qazlal
Ru
Sif Muna
Trog
Uskayaw
Wu Jian
Xom
Yredelemnul
Zin
The Shining One

Shops:
D:1 =(!!

Annotations:
D:2 Sigmund
D:5 3 runed translucent doors, semitonal's ghost, novice DgAE


Innate Abilities, Weirdness & Mutations

You have a pair of antennae on your head.
A demonic guardian rushes to your aid.
You sometimes gain a little power by taking damage.


Message History

The gnoll is moderately wounded.
You puncture the gnoll!
The gnoll looks as sick as possible!
The gnoll is almost dead.
The gnoll is no longer distracted by gold.
You block the gnoll's attack.
You barely miss the gnoll.
The gnoll is almost dead.
You kill the gnoll!
The gnoll barely misses you.
You hit the gnoll but do no damage.
The gnoll is poisoned.
You hit the gnoll but do no damage.
The gnoll looks even sicker.
The gnoll hits you with a +0 halberd.
You closely miss the gnoll.
The gnoll is lightly wounded.
The gnoll completely misses you.
You hit the gnoll.
The gnoll looks as sick as possible!
The gnoll is moderately wounded.
You completely miss the gnoll.
The gnoll is moderately wounded.
The gnoll hits you with a +0 halberd.
You hit the gnoll.
The gnoll looks as sick as possible!
The gnoll is severely wounded.
You hit the gnoll but do no damage.
The gnoll looks as sick as possible!
The gnoll is severely wounded.
You kill the gnoll!
You now have 877 gold pieces (gained 7).
B - 2 throwing nets (gained 1)
Things that are here:
a +0 halberd; a +0 scale mail You now have 882 gold pieces (gained 5).
B - 3 throwing nets (gained 1)
Things that are here:
a +0 spear; a +0 scale mail You now have 887 gold pieces (gained 5).
You now have 893 gold pieces (gained 6).
Things that are here:
a +0 halberd; a +0 scale mail You open the gate.
There is an open gate here.
Are you sure you want to abandon this character and quit the game? (Confirm with "yes".)

♣♣≈≈.. ♣.≈..█
♣♣.≈..█$
♣♣..≈..█ {
♣...≈..█$ {
♣...≈..█ {{
♣♣...≈..█████
█♣♣♣...)...@...█
$
█∩..∩...)..'...+
█♣♣♣.......'...█
$ ♣♣...≈..█████
♣♣..≈..█ {
♣..≈..█ ♣..≈..█
♣♣.≈..█ ♣.≈..█


There were no monsters in sight!

Vanquished Creatures
  Pikel (D:5)
  A shadow (D:6)
  A wraith (Ossuary)
  A steam dragon (D:7)
  2 water moccasins
  2 orc warriors
  2 black bears
  An ice beast (D:8)
  A centaur (D:9)
  2 ogres
  2 phantoms
  A kobold brigand (D:8)
  A wyvern zombie (D:6)
  A bullfrog (D:7)
  A scorpion (D:4)
  2 elf skeletons (D:8)
  2 water moccasin zombies
  A water moccasin skeleton (D:4)
  4 wights (D:8)
  A howler monkey (D:4)
  2 centaur zombies
  6 hounds
  4 jellies
  A centaur skeleton (D:4)
  A bullfrog skeleton (D:5)
  Jessica (D:2)
  An orc wizard (D:8)
  2 iguanas
  A hound skeleton (D:4)
  3 mummies (Ossuary)
  4 adders
  8 gnolls
  A shadow imp (D:6)
  4 white imps
  An ufetubus (D:6)
  A worm (D:2)
  12 orcs
  4 bats
  14 endoplasms
  3 giant cockroaches
  A gnoll zombie (Ossuary)
  7 goblins
  3 hobgoblins
  6 jackals (D:1)
  3 quokkas
  2 goblin zombies (Ossuary)
  3 hobgoblin zombies (Ossuary)
  19 kobolds
  3 kobold zombies (Ossuary)
  An orc skeleton (D:8)
  3 orc zombies (D:8)
  6 rats
161 creatures vanquished.

Vanquished Creatures (collateral kills)
  Maggie (D:6)
  Eustachio (D:4)
  A black bear (D:6)
  A necrophage (D:6)
  2 ogres
  A lemure (D:4)
  A scorpion (D:2)
  A bullfrog (D:6)
  A water moccasin skeleton (D:6)
  2 human zombies (Ossuary)
  A gnoll shaman (D:4)
  An orc wizard (D:6)
  A gnoll (D:4)
  A white imp (D:6)
  A quokka (D:5)
17 creatures vanquished.

Vanquished Creatures (others)
  A kobold zombie (Ossuary)
  7 fungi (D:3)
  7 toadstools (D:3)
15 creatures vanquished.

Grand Total: 193 creatures vanquished

Notes
Turn   | Place    | Note
-------+----------+-------------------------------------------
     0 | D:1      | nht the Demonspawn Earth Elementalist began the quest for
                  | the Orb.
     0 | D:1      | Reached XP level 1. HP: 13/13 MP: 3/3
   159 | D:1      | Gained mutation: A weak demonic guardian rushes to your
                  | aid. [demonic ancestry]
   159 | D:1      | Reached XP level 2. HP: 18/19 MP: 0/5
   161 | D:1      | Reached skill level 1 in Short Blades
   396 | D:1      | Found Kuiceillo's Distillery.
   402 | D:1      | Found Kuprad's Weapon Emporium.
   404 | D:1      | Found Peucav's Distillery.
   432 | D:1      | Bought a potion of degeneration for 12 gold pieces
   474 | D:1      | Found a faded altar of an unknown god.
   524 | D:1      | Found Quttosus's Jewellery Shoppe.
   699 | D:2      | Reached skill level 2 in Short Blades
   801 | D:2      | Reached XP level 3. HP: 22/24 MP: 6/6
   874 | D:2      | Noticed a scorpion
  1218 | D:2      | Noticed Sigmund
  1325 | D:2      | Noticed Jessica
  1331 | D:2      | Killed Jessica
  1332 | D:2      | Reached skill level 3 in Short Blades
  1332 | D:2      | Gained mutation: A demonic guardian rushes to your aid.
                  | [demonic ancestry]
  1332 | D:2      | Reached XP level 4. HP: 30/30 MP: 7/7
  1599 | D:2      | Killed a scorpion
  1607 | D:3      | HP: 1/30 [poisoned by a scorpion]
  2069 | D:3      | Found an iron altar of Okawaru.
  2159 | D:3      | Found a shimmering blue altar of Sif Muna.
  2160 | D:3      | Found a snail-covered altar of Cheibriados.
  2161 | D:3      | Found a sacrificial altar of Ru.
  2162 | D:3      | Found a shimmering altar of Xom.
  2165 | D:3      | Reached skill level 4 in Short Blades
  2355 | D:3      | Reached XP level 5. HP: 31/35 MP: 8/8
  2499 | D:3      | Reached skill level 5 in Short Blades
  2910 | D:4      | Noticed Eustachio
  3201 | D:4      | Killed Eustachio
  3202 | D:4      | Gained mutation: You have a pair of small antennae on your
                  | head. [demonic ancestry]
  3202 | D:4      | Reached XP level 6. HP: 27/41 MP: 9/9
  3391 | D:4      | Reached skill level 6 in Short Blades
  3674 | D:4      | Reached XP level 7. HP: 45/46 MP: 10/10
  3933 | D:4      | Reached skill level 7 in Short Blades
  4837 | D:5      | Entered Level 5 of the Dungeon
  4864 | D:5      | Noticed Pikel
  5102 | D:5      | Found a runed translucent gate.
  5102 | D:5      | Found a runed translucent gate.
  5102 | D:5      | Found a runed translucent gate.
  5103 | D:5      | Noticed semitonal's ghost (novice DgAE)
  5281 | D:5      | Killed Pikel
  5282 | D:5      | Reached skill level 8 in Short Blades
  5282 | D:5      | Gained mutation: You sometimes gain a little power by
                  | taking damage. [demonic ancestry]
  5282 | D:5      | Reached XP level 8. HP: 12/52 MP: 5/11
  6444 | D:6      | Found a staircase to the Ecumenical Temple.
  6444 | D:6      | Noticed Maggie
  6462 | Temple   | Entered the Ecumenical Temple
  6613 | Temple   | Became a worshipper of Gozag Ym Sagoz the Greedy
  6639 | D:6      | Killed Maggie
  6640 | D:6      | Reached skill level 9 in Short Blades
  6903 | D:6      | Reached skill level 10 in Short Blades
  7422 | D:6      | Gained mutation: You have a pair of antennae on your head.
                  | [demonic ancestry]
  7422 | D:6      | Reached XP level 9. HP: 57/57 MP: 12/12
  7678 | D:6      | Reached skill level 11 in Short Blades
  8318 | D:7      | Reached skill level 12 in Short Blades
  8929 | D:7      | Reached skill level 13 in Short Blades
  9714 | D:8      | Found a sand-covered staircase.
  9722 | Ossuary  | Entered an ossuary
 10162 | Ossuary  | Reached skill level 14 in Short Blades
 11677 | D:9      | Found a flagged portal.
 11695 | Bailey   | Entered a bailey
 11705 | Bailey   | Reached XP level 10. HP: 44/59 MP: 13/13
 11742 | Bailey   | Quit the game

Illustrated notes

Levels and vault maps discovered:
D:1:      dpeg_arrival_radiant, layout_loops_ring,
          ebering_ecumenical_altar_mist, serial_shops, shop,
          nicolae_shop_statue_plus, shop, shop, shop
D:2:      layout_rooms, minmay_misc_feat_ornament, minmay_misc_feat_nine_boxes,
          uniq_jessica, uniq_sigmund
D:3:      cheibrodos_fertilizer, layout_basic, grunt_temple_overflow_open
D:4:      layout_basic, uniq_eustachio
D:5:      layout_cave_pools, gammafunk_ghost_nasty_kobolds, uniq_pikel
D:6:      layout_rooms, temple_fountains, minmay_manual_moon, uniq_maggie
D:7:      layout_basic, minmay_parallelograms, minmay_liquid_box
D:8:      layout_loops_corners, nicolae_ossuary_entry_catacombs
D:9:      layout_big_octagon, david_orc_4, enter_bailey_5, chequers_big_river,
          uniq_harold
Temple:   eino_temple_rhombus
Bailey:   bailey_polearm_gnolls_kennysheep, bailey

Skill      XL: |  1  2  3  4  5  6  7  8  9 |
---------------+----------------------------+-----
Earth Magic    | 3 |  3.0
Short Blades   | 2 3 4 5 6 8 10 14 | 14.5
Dodging        | |  1.7
Stealth        | |  1.7
Spellcasting   | |  2.0
Transmutations | |  0.8

Action                   |  1- 3 |  4- 6 |  7- 9 | 10-12 || total
-------------------------+-------+-------+-------+-------++-------
Melee: Short sword       |    28 |    42 |   481 |    23 ||   574
 Cast: Sandblast         |    39 |    67 |    51 |       ||   157
Evoke: Wand              |       |       |    15 |       ||    15
  Use: Scroll            |     2 |     4 |    13 |       ||    19
       Potion            |       |       |     4 |       ||     4
 Stab: Sleeping          |     1 |     1 |     4 |       ||     6
       Invisible         |       |       |     1 |       ||     1
       Distracted        |       |       |     2 |       ||     2
Armor: Robe              |     4 |     7 |     6 |       ||    17
       Steam dragon scal |       |       |    63 |     3 ||    66
Dodge: Dodged            |    12 |    42 |   185 |    10 ||   249
Block: Buckler           |       |       |    36 |     3 ||    39

Table legend: (Time is in decaauts)
 A = Elapsed time spent in this place.
 B = Non-inter-level travel time spent in this place.
 C = Inter-level travel time spent in this place.
 D = Time resting spent in this place.
 E = Time spent auto-exploring this place.
 F = Levels seen in this place.
 G = Mean time per level.
                   A        B        C        D        E       F      G
               +--------+--------+--------+--------+--------+-----+--------+
         Total |  11551 |  11194 |    357 |    763 |   8966 |  12 |  962.6 |
       Dungeon |  10612 |  10294 |    318 |    763 |   8207 |   9 | 1179.1 |
        Temple |    163 |    124 |     39 |      0 |    122 |   1 |  163.0 |
       Ossuary |    741 |    741 |      0 |      0 |    637 |   1 |  741.0 |
        Bailey |     34 |     34 |      0 |      0 |      0 |   1 |   34.0 |
               +--------+--------+--------+--------+--------+-----+--------+

Top non-repeatable levels by time:
     D:4: 2017 daAuts
     D:6: 1844 daAuts
     D:8: 1400 daAuts
     D:3: 1221 daAuts
     D:2: 1217 daAuts
     D:7: 1198 daAuts
     D:5: 981 daAuts
 Ossuary: 741 daAuts
     D:1: 692 daAuts
  Temple: 163 daAuts
     D:9: 38 daAuts
  Bailey: 34 daAuts
